 Dungeon Crawl Stone Soup version 0.30.1-11-g7821555f0a (webtiles) character file.

Game seed: 7706508206543707879

105 RancidPinata the Sneak (level 4, -4/33 HPs)
             Began as an Octopode Delver on Dec 29, 2023.
             Slain by a gnoll
             ... wielding a +0 whip of distortion
             ... led by a gnoll bouda
              (8 damage)
             ... on level 4 of the Dungeon.
             The game lasted 00:05:50 (579 turns).

RancidPinata the Sneak (Octopode Delver)             Turns: 579, Time: 00:05:51

Health: -4/33      AC:  1    Str: 13    XL:     4   Next: 83%
Magic:  4/4        EV: 13    Int: 12    God:
Gold:   60         SH:  0    Dex: 13    Spells: 3/3 levels left

rFire   . . .        m - +2 dagger (chaos)
rCold   . . .        (no shield)
rNeg    . . .        (helmet restricted)
rPois   .            (no amulet)
rElec   .            (no ring)
rCorr   .            (no ring)
SInv    .            (no ring)
Will    .....        (no ring)
Stlth   ++++         (no ring)
HPRegen 0.25/turn    (no ring)
MPRegen 0.09/turn    (no ring)
                     (no ring)

%: no passive effects
@: no status effects
A: almost no armour, amphibious, 8 rings, camouflage 1, gelatinous body 1,
(nimble swimmer 1), tentacles
a: no special abilities


You were on level 4 of the Dungeon.
You visited 1 branch of the dungeon, and saw 3 of its levels.

You collected 60 gold pieces.

Inventory:

Hand Weapons
 a - a +0 spear
 k - a +0 short sword
 m - a +2 dagger of chaos (weapon)
Missiles
 j - 3 datura-tipped darts (quivered)
Wands
 f - a wand of digging (3)
Scrolls
 b - a scroll of fog
 c - a scroll of magic mapping
 d - a scroll of fear
 g - a scroll of identify {unknown}
 n - a scroll of poison {unknown}
Potions
 e - a potion of haste
 i - a potion of curing {unknown}
 l - 2 potions of berserk rage {unknown}


   Skills:
 * Level 3.7 Fighting
 * Level 1.9 Short Blades
 + Level 2.4 Polearms
 * Level 3.0 Dodging
 + Level 6.9 Stealth


You had 3 spell levels left.
You didn't know any spells.
Your spell library was empty.

Dungeon Overview and Level Annotations

Branches:
Dungeon (6/15)
 Temple: D:4-7

Altars:
Kikubaaqudgha
Makhleb
Xom

Shops:
D:4 [


Innate Abilities, Weirdness & Mutations

You cannot wear most types of armour.
You are amphibious.
You can wear up to eight rings at the same time.
Your skin changes colour to match your surroundings (Stealth+).
Your rubbery body absorbs attacks. (AC +1, EV +1)
((You are camouflaged when in or above water. (Stealth+)))
You have tentacles for arms and can constrict up to eight enemies at once.


Message History

The gnoll shouts!
Throw: 2 darts (poison)
Press: ? - help, Q - select action, (/) - cycle Shift-Dir - straight line, f/p - gnoll
Aim: a gnoll, wielding a +0 whip of distortion (61% to hit)
You throw a poisoned dart. The poisoned dart hits the gnoll.
Throw: dart (poison)
Press: ? - help, Q - select action, (/) - cycle Shift-Dir - straight line, f/p - gnoll
Aim: a gnoll, wielding a +0 whip of distortion (61% to hit)
You throw a poisoned dart. The poisoned dart hits the gnoll.
Throw: 6 darts (datura)
Press: ? - help, Q - select action Shift-Dir - straight line, f/p - gnoll
Aim: a gnoll, wielding a +0 whip of distortion (61% to hit, chance to frenzy on hit: 100%)
You throw a datura-tipped dart.
The datura-tipped dart closely misses the gnoll.
Throw: 5 darts (datura)
Press: ? - help, Q - select action Shift-Dir - straight line, f/p - gnoll
Aim: a gnoll, wielding a +0 whip of distortion (61% to hit, chance to frenzy on hit: 100%)
You throw a datura-tipped dart.
The datura-tipped dart closely misses the gnoll.
The gnoll shouts!
Throw: 4 darts (datura)
Press: ? - help, Q - select action Shift-Dir - straight line, f/p - gnoll
Aim: a gnoll, wielding a +0 whip of distortion (61% to hit, chance to frenzy on hit: 100%)
You throw a datura-tipped dart. The datura-tipped dart hits the gnoll.
The gnoll flies into a frenzy!
The gnoll shouts!
You hear a shout!
The gnoll shouts!
The gnoll hits you with a +0 whip of distortion!
Space warps horribly around you!!
Ouch! That really hurt!
* * * LOW HITPOINT WARNING * * *
The gnoll barely misses you.
The gnoll shouts!
The gnoll misses you. The gnoll attacks as you move away!
The gnoll barely misses you. The gnoll closely misses you.
There is an open door here.
The gnoll attacks as you move away! The gnoll barely misses you.
The gnoll hits you with a +0 whip of distortion!
You die...

...... ...... ......#
.....######## #..........####
#..........#..##
#......g...'...#
####..........#g..#
.........######.@.#
........##### #..#############
........#_._# ##.............#
.......(#...# #...#..........#
........#...# #...#..........#
.......g##'####...#..........#
###+#..(.#...######..........#
#..(.#...##...##....######
'..(.#....#....#....#


You could see a neutral gnoll (fast, strong, insane).

Vanquished Creatures
  A crimson imp (D:4)
  A hound (D:4)
  An iguana (D:4)
  A gnoll (D:4)
  3 orcs (D:5)
  A goblin (D:4)
8 creatures vanquished.

Notes
Turn   | Place    | Note
-------+----------+-------------------------------------------
     0 | D:5      | RancidPinata the Octopode Delver began the quest for the
                  | Orb.
     0 | D:5      | Reached XP level 1. HP: 16/16 MP: 1/1
     1 | D:6      | Noticed a hound
    30 | D:6      | Found an ancient bone altar of Kikubaaqudgha.
    31 | D:6      | Noticed a bullfrog
    43 | D:5      | Noticed an iguana
   169 | D:4      | Reached XP level 2. HP: 21/21 MP: 2/2
   178 | D:4      | Reached skill level 1 in Short Blades
   178 | D:4      | Reached XP level 3. HP: 26/26 MP: 3/3
   256 | D:4      | Found Immeticorph's Antique Armour Boutique.
   288 | D:4      | Identified the +1 robe of Cotoal {Fly rC+ rCorr}
   350 | D:4      | Reached XP level 4. HP: 11/31 MP: 4/4
   447 | D:4      | Found a burning altar of Makhleb.
   447 | D:4      | Found a shimmering altar of Xom.
   579 | D:4      | Slain by a gnoll

Illustrated notes

Levels and vault maps discovered:
D:4:      layout_gridville, grunt_temple_overflow_champion_of_chaos,
          serial_shops, kennysheep_mini
D:5:      layout_layer_cave, temple_pool_b, mrwooster_statue_mirror,
          minmay_shop_enchanted_jewellery, minmay_ogre_servants, uniq_edmund
D:6:      nicolae_cairo_tiling_very_big, layout_cave_pods,
          mainiacjoe_overflow_tiny_flanked, yredelemnul_forgotten_temple_becter,
          zin_statuary, serial_shops, nicolae_shop_stone,
          minmay_misc_feat_alley, nicolae_figureground_pulse

Skill      XL: |  1  2  3  4 |
---------------+-------------+-----
Short Blades   | 1 |  1.9
Dodging        | 3 |  3.0
Fighting       | |  3.7
Polearms       | |  2.4
Stealth        | |  6.9

Action                     |  1- 3 |  4- 6 || total
---------------------------+-------+-------++-------
  Melee: Dagger            |     5 |     4 ||     9
         Constrict         |     2 |     1 ||     3
         Short sword       |     5 |     1 ||     6
         Tentacles         |     2 |     1 ||     3
         Punch             |       |     1 ||     1
  Throw: Stone             |     3 |       ||     3
         Dart              |       |     6 ||     6
   Stab: Sleeping          |     4 |     1 ||     5
 Armour: Skin              |     1 |       ||     1
  Dodge: Dodged            |     2 |     9 ||    11
